 Dungeon Crawl Stone Soup version 0.22-a0-284-g99d1f74 (webtiles) character file.

168426 inmateoo the Fencer (level 17, -4/136 HPs)
             Began as a Barachi Fighter on Mar 22, 2018.
             Was the Champion of Okawaru.
             Killed from afar by a Hell Sentinel (48 damage)
             ... with damnation
             ... summoned by a deep elf demonologist
             ... on level 3 of the Elven Halls.
             The game lasted 00:52:42 (30830 turns).

inmateoo the Fencer (Barachi Fighter)              Turns: 30830, Time: 00:52:43

Health: -4/136     AC: 40    Str: 20    XL:     17   Next: 94%
Magic:  22/22      EV: 18    Int: 12    God:    Okawaru [******]
Gold:   773        SH: 17    Dex: 19    Spells: 7/22 levels left

rFire    + + .     SeeInvis .   p - +10 demon blade "Cokh" {pain, rC+ Dex+3}
rCold    + . .     Gourm    .   V - +5 buckler of Generosity {rElec rF+ MR+ Dex-4}
rNeg     . . .     Faith    .   d - +10 plate armour of Okawaru's Wrath {Regen+ Dex+4}
rPois    +         Spirit   .   c - +2 hat {MR+}
rElec    +         Reflect  +   O - +2 cloak {rPois}
rCorr    .         Harm     .   k - +2 pair of gloves
MR       +++++                  q - +1 pair of boots
Stlth    ..........             D - +3 amulet of reflection
HPRegen  0.72/turn              y - ring of the Mage {Wiz MR++ Int+3}
MPRegen  0.18/turn              H - ring of protection from fire

@: heroism, slow
A: +LOS, swims, slowness 1, strong legs 2
a: Hop, Heroism, Finesse, Renounce Religion


You were on level 3 of the Elven Halls.
You worshipped Okawaru.
Okawaru was exalted by your worship.
You were not hungry.

You visited 5 branches of the dungeon, and saw 27 of its levels.
You also visited: Labyrinth, Ice Cave and Volcano.

You collected 3161 gold pieces.
You spent 2388 gold pieces at shops.

Inventory:

Hand Weapons
 p - the +10 demon blade "Cokh" (weapon) {pain, rC+ Dex+3}
   (You found it in an ice cave)

   In the hands of one skilled in necromantic magic, it inflicts extra damage on
   living creatures.
   It affects your dexterity (+3).
   It protects you from cold.
 S - a +0 double sword
 T - a +4 scimitar of flaming
Missiles
 G - 5 javelins of penetration (quivered)
Armour
 c - a +2 hat of magic resistance (worn)
 d - the +10 plate armour of Okawaru's Wrath (worn) {Regen+ Dex+4}
   (Okawaru gifted it to you on level 14 of the Dungeon)

   It affects your dexterity (+4).
   It increases your rate of regeneration.
 k - a +2 pair of gloves (worn)
 q - a +1 pair of boots (worn)
 u - the +1 cloak of the Countless Songs {rC++ Dex+3}
   (Okawaru gifted it to you on level 13 of the Dungeon)

   It affects your dexterity (+3).
   It greatly protects you from cold.
 J - the +1 chain mail of Fiosk {Str-5 Dex+7, unknown}
   (Okawaru gifted it to you on level 2 of the Elven Halls)

   It affects your strength (-5).
   It affects your dexterity (+7).
 O - a +2 cloak of poison resistance (worn)
 V - the +5 buckler of Generosity (worn) {rElec rF+ MR+ Dex-4}
   (You found it on level 1 of the Elven Halls)

   It affects your dexterity (-4).
   It protects you from fire.
   It insulates you from electricity.
   It affects your resistance to hostile enchantments.
Jewellery
 l - an uncursed ring of see invisible
 y - the ring of the Mage (left hand) {Wiz MR++ Int+3}
   (You bought it in a shop on level 2 of the Orcish Mines)

   [ring of wizardry]

   It improves your spell success rate.
   It affects your intelligence (+3).
   It affects your resistance to hostile enchantments.
 z - an uncursed ring of protection from cold
 D - a +3 amulet of reflection (around neck)
 H - a ring of protection from fire (right hand)
 M - an uncursed amulet of regeneration
 W - a cursed -2 ring of intelligence {unknown}
 X - an uncursed ring of resist corrosion
 Y - the ring of Ufowumn {rN+ MP+9 Int+5}
   (You bought it in a shop on level 2 of the Elven Halls)

   [ring of magical power]

   It affects your intelligence (+5).
   It protects you from negative energy.
   It affects your magic capacity (+9).
Wands
 n - a wand of polymorph (6)
 o - a wand of paralysis (51)
 t - a wand of disintegration (10)
 w - a wand of iceblast (18)
 I - a wand of scattershot (5)
 K - a wand of flame (23)
 L - a wand of acid (32)
Scrolls
 b - 5 scrolls of amnesia
 h - 12 scrolls of remove curse
 j - 6 scrolls of enchant armour
 v - 9 scrolls of teleportation
 B - 4 scrolls of enchant weapon
 C - 5 scrolls of fog
 F - a scroll of identify
 P - a scroll of fear
 R - 2 scrolls of magic mapping
 U - 2 scrolls of blinking
 Z - a scroll of acquirement
Potions
 a - 3 potions of might
 e - 2 potions of resistance
 g - 4 potions of cancellation
 i - 11 potions of curing
 m - 4 potions of flight
 r - 2 potions of ambrosia
 s - 6 potions of mutation
 x - 5 potions of haste
 A - 2 potions of lignification
 E - 7 potions of heal wounds
 N - 2 potions of brilliance
Miscellaneous
 Q - a lamp of fire
Comestibles
 f - 36 rations


   Skills:
 + Level 13.1(18.1) Fighting
 - Level 20.0(25.0) Long Blades
 + Level 9.0(14.0) Throwing
 + Level 12.6(17.6) Armour
 + Level 13.4(18.4) Dodging
 + Level 11.8(16.8) Shields
 + Level 3.2 Spellcasting
 * Level 8.2 Necromancy
 - Level 7.3 Invocations


You had 7 spell levels left.
You knew the following spells:

 Your Spells              Type           Power        Failure   Level  Hunger
a - Apportation           Tloc           #.....       63%         1    #......
b - Summon Lightning Spi  Summ/Air       #.......     100%        4    #####..
c - Animate Skeleton      Necr           N/A          3%          1    #......
d - Deflect Missiles      Chrm/Air       #.........   100%        6    #######
e - Regeneration          Chrm/Necr      ##........   43%         3    ###....


Dungeon Overview and Level Annotations

Branches:
Dungeon (15/15)            Temple (1/1) D:6            Lair (6/6) D:11
 Shoals (0/4) Lair:3       Spider (0/4) Lair:4        Slime (0/5) Lair:6
    Orc (2/2) D:10            Elf (3/3) Orc:2        Vaults (0/5) D:14
 Depths (0/5) D:15

Altars:
Ashenzari
Cheibriados
Elyvilon
Fedhas
Hepliaklqana
Kikubaaqudgha
Makhleb
Nemelex Xobeh
Okawaru
Qazlal
Ru
Sif Muna
Trog
Uskayaw
Xom
Yredelemnul
Zin
The Shining One
Jiyva

Shops:
D:15 =   Orc:2 **(=   Elf:2 =

Annotations:
Elf:2 3 runed doors


Innate Abilities, Weirdness & Mutations

Shadows flee at your approach. (+LOS)
You can swim through water.
You cover ground slowly.
You can hop long distances.


Message History

Throwing (i - inventory)
G - 6 javelins of penetration (quivered)
Press: ? - help, Shift-Dir - straight line, f/p - deep elf elementalist
Aim: a deep elf elementalist, wielding a rapier (severely wounded, repelling missiles)
You throw a javelin of penetration.
The javelin of penetration pierces through the deep elf blademaster!!!
You kill the deep elf blademaster!
Okawaru is honoured by your kill.
The javelin of penetration pierces through the Hell Sentinel but does no damage.
The Hell Sentinel is moderately wounded.
The javelin of penetration pierces through the neqoxec!!
You kill the neqoxec!
The javelin of penetration pierces through the deep elf annihilator!
The deep elf annihilator is heavily wounded.
The javelin of penetration pierces through the deep elf elementalist!!
You kill the deep elf elementalist!
Okawaru accepts your kill.
The earth elemental disappears in a puff of smoke!
The Hell Sentinel gestures at you.
The sphere of damnation explodes!
The damnation engulfs you!
You die...

#..#≈≈....#
#..#≈≈....#
#..#≈≈....#
#..#≈≈....#
###+#..#≈≈....#
#...#..'......#
##§..#..'......#
#....#..'......#
#@=.'..#≈≈....#
e.35e)1))..#..#≈≈....#
)..e####...#..#≈≈....#
. #...#..#≈≈....#
#+###..#≈≈....##
#..#≈≈.....##
#..#≈≈....#.##
#..#≈≈....##.#
#..#≈≈....###.


You could see a Hell Sentinel, 2 deep elf annihilators, a deep elf elementalist,
a ynoxinul and an ufetubus.

Vanquished Creatures
  Bai Suzhen (Elf:3)
  Saint Roka (Orc:2)
  A deep elf blademaster (Elf:3)
  Frances (D:12)
  Donald (Elf:2)
  A caustic shrike zombie (D:15)
  Louise (Elf:2)
  4 deep elf sorcerers
  A reaper (IceCv)
  2 deep elf elementalists
  The ghost of Fingolfin the Genius of the Arcane, a journeyman NaWz of Sif Muna (Lair:5)
  A stone giant (Volcano)
  A deep elf annihilator (Elf:2)
  2 deep elf demonologists
  A minotaur (Lab)
  Azrael (D:12)
  6 dire elephants (Lair:6)
  Snorg (D:10)
  2 deep elf death magi (Elf:3)
  A deep elf high priest (Elf:3)
  4 hydras
  Erolcha (D:11)
  A catoblepas (D:15)
  3 centaur warriors
  An anaconda (Lair:6)
  A tengu warrior (D:13)
  13 dancing weapons
  Urug (D:12)
  9 two-headed ogres
  11 death yaks (Lair:6)
  2 ogre magi
  Sonja (D:13)
  4 orc high priests (Orc:2)
  12 deep elf knights
  2 unseen horrors
  3 skeletal warriors
  2 deep elf archers (Elf:2)
  6 orc knights
  A necromancer (D:15)
  A phantasmal warrior (D:15)
  A wolf spider zombie (D:14)
  An oklob plant (Lair:3)
  A sphinx zombie (D:15)
  39 deep elf magi
  14 ugly things
  3 orc sorcerers (Orc:2)
  2 manticores
  A stone giant zombie (D:15)
  2 cyclopes
  4 centaur zombies
  2 ice statues (IceCv)
  4 elephants (Lair:6)
  2 molten gargoyles (Volcano)
  A stone giant skeleton (D:15)
  3 black mambas
  3 gargoyles
  17 spiny frogs
  13 komodo dragons
  4 yaktaurs (D:14)
  2 rime drakes
  2 efreet
  5 ice devils (IceCv)
  A freezing wraith (D:15)
  4 polar bears
  2 tengu conjurers (D:13)
  5 trolls
  22 blink frogs
  9 dream sheep
  12 hippogriffs
  An air elemental (Elf:1)
  3 redbacks (Lair:4)
  A vampire (D:10)
  A water elemental (Elf:1)
  56 yaks
  A fire bat (Volcano)
  A shadow (D:13)
  A steam dragon (D:12)
  2 basilisks (D:13)
  4 wyverns
  6 fire elementals
  12 vampire mosquitoes
  Menkaure (D:4)
  6 hungry ghosts
  2 hell hounds
  An acid dragon (D:10)
  13 water moccasins
  12 porcupines
  31 orc warriors
  2 black bears
  3 eyes of draining
  5 ice beasts
  4 sky beasts
  3 phantoms
  12 wolves
  14 ogres
  11 centaurs
  12 crocodiles
  3 big kobolds
  25 bullfrogs
  2 earth elementals (Volcano)
  3 wyvern skeletons
  A water moccasin skeleton (D:5)
  3 scorpions
  11 killer bees
  12 wights
  3 howler monkeys
  An electric eel (Lair:2)
  4 crimson imps
  2 quasits (D:7)
  2 bullfrog zombies
  8 jellies
  6 lava snakes (Volcano)
  24 orc priests
  10 hounds
  2 bullfrog skeletons
  9 centaur skeletons
  4 iguanas
  27 orc wizards
  16 worker ants
  5 hell rats (Lair:4)
  A hound zombie (D:7)
  A hound skeleton (D:11)
  A worker ant zombie (D:10)
  17 adders
  2 shadow imps
  22 white imps
  6 ufetubi (IceCv)
  2 oozes
  An adder skeleton (D:9)
  2 worms (D:2)
  4 leopard geckos
  71 orcs
  10 giant cockroaches
  8 goblins
  5 hobgoblins
  6 jackals
  7 quokkas
  A ball python (D:1)
  16 bats
  6 frilled lizards
  22 kobolds
  A quokka skeleton (D:4)
  2 quokka zombies
  4 rats
  2 plants
915 creatures vanquished.

Vanquished Creatures (others)
  A deep elf annihilator (Elf:1)
  A centaur warrior (D:14)
  2 cyclopes
  A wyvern (D:12)
  A human (D:2)
  An ogre (D:14)
  3 centaurs
  An orc priest (Orc:2)
  3 white imps (IceCv)
  3 ufetubi (IceCv)
  A kobold (D:13)
  6 fungi
  13 plants
37 creatures vanquished.

Grand Total: 952 creatures vanquished

Notes
Turn   | Place    | Note
-------+----------+-------------------------------------------
     0 | D:1      | inmateoo the Barachi Fighter began the quest for the Orb.
     0 | D:1      | Reached XP level 1. HP: 18/18 MP: 1/1
    55 | D:1      | Reached skill level 3 in Long Blades
   312 | D:1      | Reached XP level 2. HP: 23/24 MP: 2/2
   556 | D:2      | Reached skill level 4 in Long Blades
   572 | D:2      | Reached XP level 3. HP: 14/29 MP: 3/3
   692 | D:2      | Found an ancient bone altar of Kikubaaqudgha.
   759 | D:2      | Noticed a human
   761 | D:2      | Killed a human
  1173 | D:2      | Reached skill level 5 in Long Blades
  1340 | D:2      | Reached XP level 4. HP: 36/36 MP: 4/4
  1828 | D:3      | Reached skill level 6 in Long Blades
  2103 | D:3      | Reached XP level 5. HP: 41/41 MP: 5/5
  2595 | D:4      | Noticed Menkaure
  2606 | D:4      | Killed Menkaure
  2606 | D:4      | Reached skill level 7 in Long Blades
  2606 | D:4      | Reached XP level 6. HP: 20/47 MP: 6/6
  3261 | D:4      | Found a snail-covered altar of Cheibriados.
  3298 | D:4      | Noticed a phantom
  3312 | D:4      | Reached skill level 8 in Long Blades
  3331 | D:5      | Entered Level 5 of the Dungeon
  3358 | D:5      | Reached XP level 7. HP: 14/52 MP: 7/7
  3608 | D:5      | Reached skill level 9 in Long Blades
  3943 | D:5      | Reached skill level 10 in Long Blades
  4131 | D:5      | Reached XP level 8. HP: 52/61 MP: 8/8
  4195 | D:5      | Reached skill level 5 in Fighting
  5356 | D:6      | HP: 1/65 [orc warrior/scimitar (18)]
  5829 | D:6      | Reached skill level 1 in Dodging
  6111 | D:6      | Found a staircase to the Ecumenical Temple.
  6133 | Temple   | Entered the Ecumenical Temple
  6141 | Temple   | Became a worshipper of Warmaster Okawaru
  6319 | D:6      | Reached XP level 9. HP: 75/75 MP: 9/9
  6898 | D:7      | Reached skill level 5 in Armour
  7046 | D:7      | Reached skill level 5 in Dodging
  7342 | D:7      | Reached * piety under Okawaru
  7342 | D:7      | Reached skill level 5 in Shields
  8239 | D:8      | Reached XP level 10. HP: 74/81 MP: 10/10
  8315 | D:8      | Noticed a two-headed ogre
  8333 | D:8      | Killed a two-headed ogre
  8342 | D:8      | Reached ** piety under Okawaru
 10124 | D:9      | Learned a level 1 spell: Apportation
 10129 | D:9      | Learned a level 4 spell: Summon Lightning Spire
 10142 | D:10     | Entered Level 10 of the Dungeon
 10194 | D:10     | Reached skill level 10 in Dodging
 10436 | D:10     | Reached *** piety under Okawaru
 10575 | D:10     | Reached skill level 11 in Long Blades
 10870 | D:10     | Reached XP level 11. HP: 68/87 MP: 11/11
 10983 | D:10     | Got a jewelled cloak
 10989 | D:10     | Identified the +0 cloak of the Trout {rC+} (You found it on level 10 of the Dungeon)
 11231 | D:10     | Found a staircase to the Orcish Mines.
 11383 | D:10     | Noticed Snorg
 11400 | D:10     | Killed Snorg
 11400 | D:10     | Reached skill level 12 in Long Blades
 11532 | D:10     | Reached **** piety under Okawaru
 11535 | D:10     | Reached skill level 1 in Invocations
 11924 | D:11     | Noticed a cyclops
 11925 | D:11     | Noticed a green ugly thing
 11925 | D:11     | Noticed a white ugly thing
 11926 | D:11     | Killed a cyclops
 12415 | D:11     | Killed a cyan ugly thing
 12435 | D:11     | Killed a cyan ugly thing
 12435 | D:11     | Reached skill level 13 in Long Blades
 12469 | D:11     | Found a glowing silver altar of Zin.
 12474 | D:11     | Noticed a manticore
 12485 | D:11     | Killed a manticore
 13518 | D:11     | Killed an unseen horror
 13534 | D:11     | Found a staircase to the Lair.
 13551 | D:11     | Reached ***** piety under Okawaru
 14718 | D:12     | Noticed Azrael
 14718 | D:12     | Noticed a cyclops
 14721 | D:12     | Killed a cyclops
 14721 | D:12     | Reached skill level 5 in Invocations
 14910 | D:12     | Noticed Erolcha
 14923 | D:11     | Killed Erolcha
 14923 | D:11     | Reached skill level 14 in Long Blades
 14923 | D:11     | Reached XP level 12. HP: 58/94 MP: 12/16
 15231 | D:12     | Killed Azrael
 15259 | D:12     | Noticed a two-headed ogre
 15267 | D:12     | Killed a two-headed ogre
 15269 | D:12     | Noticed Urug
 15278 | D:12     | Noticed a two-headed ogre
 15503 | D:12     | Killed Urug
 15503 | D:12     | Received a gift from Okawaru
 15959 | D:12     | Noticed Frances
 15974 | D:12     | Killed Frances
 15974 | D:12     | Reached skill level 15 in Long Blades
 16245 | D:12     | Killed a two-headed ogre
 16564 | D:13     | Noticed a four-headed hydra
 16580 | D:13     | Killed a one-headed hydra
 16620 | D:13     | Found a labyrinth entrance.
 16631 | D:13     | Noticed a tengu warrior
 16641 | Lab      | Entered a labyrinth
 16957 | Lab      | Noticed a minotaur
 16978 | Lab      | Killed a minotaur
 16978 | Lab      | Reached skill level 16 in Long Blades
 17013 | Lab      | Found the +7 Kryia's mail coat {PotionHeal*2 rC+}
 17111 | D:13     | Killed a tengu warrior
 17249 | D:13     | Gained mutation: You can hop long distances. [Barachi growth]
 17249 | D:13     | Reached XP level 13. HP: 81/99 MP: 18/18
 17417 | D:13     | Noticed Sonja
 17426 | D:13     | Killed Sonja
 17465 | D:13     | Reached skill level 17 in Long Blades
 17809 | D:13     | Received a gift from Okawaru
 17812 | D:13     | Got a crude cloak {god gift}
 17823 | D:13     | Identified the +1 cloak of the Countless Songs {rC++ Dex+3} (Okawaru gifted it to you on level 13 of the Dungeon)
 18320 | D:14     | Reached skill level 18 in Long Blades
 18363 | D:14     | Reached skill level 1 in Throwing
 18548 | D:14     | Found a gate to the Vaults.
 18909 | D:14     | Received a gift from Okawaru
 18918 | D:14     | Reached XP level 14. HP: 50/108 MP: 19/19
 19209 | D:14     | Received a gift from Okawaru
 19253 | D:14     | Identified the +10 plate armour of Okawaru's Wrath {Regen+ Dex+4} (Okawaru gifted it to you on level 14 of the Dungeon)
 19639 | D:15     | Entered Level 15 of the Dungeon
 19698 | D:15     | Found Usifick's Jewellery Shoppe.
 19705 | D:15     | Bought an uncursed ring of protection from fire for 375 gold pieces
 19831 | D:15     | Found a staircase to the Depths.
 20214 | D:15     | Reached skill level 10 in Fighting
 20523 | D:15     | Reached ****** piety under Okawaru
 20749 | Lair:1   | Entered Level 1 of the Lair of Beasts
 20902 | Lair:1   | Received a gift from Okawaru
 20923 | Lair:1   | Identified the +2 scale mail of the City {Dex+2} (Okawaru gifted it to you on level 1 of the Lair of Beasts)
 21556 | Lair:2   | Reached skill level 5 in Throwing
 21597 | Lair:2   | Found a frozen archway.
 21641 | IceCv    | Entered an ice cave
 21841 | IceCv    | Noticed a reaper
 21858 | IceCv    | Killed a reaper
 21912 | IceCv    | Got a polished demon blade
 21913 | IceCv    | Identified the +10 demon blade "Cokh" {pain, rC+ Dex+3} (You found it in an ice cave)
 22062 | Lair:2   | Reached XP level 15. HP: 117/117 MP: 20/20
 22734 | Lair:3   | Reached skill level 10 in Armour
 22767 | Lair:3   | Found a staircase to the Shoals.
 22784 | Lair:3   | Reached skill level 19 in Long Blades
 23071 | Lair:3   | Identified a scroll of acquirement
 23221 | Lair:3   | Received a gift from Okawaru
 23717 | Lair:4   | Reached skill level 10 in Shields
 23790 | Lair:4   | Found a hole to the Spider Nest.
 24118 | Lair:4   | Learned a level 1 spell: Animate Skeleton
 24330 | Lair:5   | Reached skill level 1 in Necromancy
 24420 | Lair:5   | Noticed Fingolfin's ghost (journeyman NaWz)
 24454 | Lair:5   | Killed Fingolfin's ghost
 25260 | Lair:6   | Entered Level 6 of the Lair of Beasts
 25286 | Lair:6   | Received a gift from Okawaru
 25416 | Lair:6   | Found a viscous altar of Jiyva.
 25416 | Lair:6   | Found a staircase to the Slime Pits.
 25450 | Lair:6   | Reached XP level 16. HP: 127/127 MP: 21/21
 25464 | Lair:6   | Received a gift from Okawaru
 26739 | Orc:1    | Entered Level 1 of the Orcish Mines
 26875 | Orc:2    | Entered Level 2 of the Orcish Mines
 26934 | Orc:2    | Found a dark tunnel.
 26995 | Volcano  | Entered a volcano
 27131 | Volcano  | Found a radiant altar of Vehumet.
 27228 | Volcano  | Reached skill level 5 in Necromancy
 27924 | Orc:2    | Received a gift from Okawaru
 28085 | Orc:2    | Noticed Saint Roka
 28137 | Orc:2    | Killed Saint Roka
 28172 | Orc:2    | Found Romohaje's Jewellery Shoppe.
 28172 | Orc:2    | Found Joqiob's General Store.
 28197 | Orc:2    | Found Niheun's Antique Weapon Shoppe.
 28197 | Orc:2    | Found Nihocri's General Store.
 28204 | Orc:2    | Bought the ring of the Mage {Wiz MR++ Int+3} for 723 gold pieces
 28204 | Orc:2    | Found the ring of the Mage {Wiz MR++ Int+3}
 28207 | Orc:2    | Bought a scroll of identify for 30 gold pieces
 28207 | Orc:2    | Bought a scroll of teleportation for 45 gold pieces
 28209 | Orc:2    | Bought a scroll of identify for 26 gold pieces
 28209 | Orc:2    | Bought a scroll of enchant weapon for 97 gold pieces
 28209 | Orc:2    | Bought a potion of cancellation for 104 gold pieces
 28214 | Orc:2    | Bought an uncursed ring of resist corrosion for 280 gold pieces
 28392 | Orc:2    | Found a staircase to the Elven Halls.
 28558 | Elf:1    | Entered Level 1 of the Elven Halls
 28681 | Elf:1    | Received a gift from Okawaru
 28910 | Elf:1    | Identified the +5 buckler of Generosity {rElec rF+ MR+ Dex-4} (You found it on level 1 of the Elven Halls)
 28928 | Elf:1    | Reached XP level 17. HP: 132/135 MP: 22/22
 29053 | Elf:1    | Identified the Collected Works on Confrontation
 29063 | Elf:1    | Learned a level 6 spell: Deflect Missiles
 29177 | Elf:1    | Got a jewelled hat
 29188 | Elf:1    | Identified the cursed -7 hat "Otwajou" {Dex+4} (You found it on level 1 of the Elven Halls)
 29515 | Elf:1    | Reached skill level 1 in Spellcasting
 30155 | Elf:2    | Noticed Donald
 30168 | Elf:2    | Killed Donald
 30214 | Elf:2    | Received a gift from Okawaru
 30245 | Elf:2    | Noticed Louise
 30258 | Elf:2    | Killed Louise
 30274 | Elf:2    | Got a polished chain mail {god gift}
 30370 | Elf:2    | Found Qyboim's Jewellery Boutique.
 30378 | Elf:2    | Bought the ring of Ufowumn {rN+ MP+9 Int+5} for 708 gold pieces
 30514 | Elf:2    | Found a runed gate.
 30514 | Elf:2    | Found a runed gate.
 30515 | Elf:2    | Found a runed gate.
 30597 | Elf:3    | Entered Level 3 of the Elven Halls
 30713 | Elf:3    | Noticed Bai Suzhen
 30728 | Elf:3    | Killed Bai Suzhen
 30728 | Elf:3    | Reached skill level 20 in Long Blades
 30734 | Elf:3    | Identified the Disquisition on Black Rites and Clay
 30740 | Elf:3    | Learned a level 3 spell: Regeneration
 30806 | Elf:3    | Noticed an Ice Fiend
 30807 | Elf:3    | Noticed a Hell Sentinel
 30810 | Elf:3    | Noticed a deep elf blademaster
 30828 | Elf:3    | Noticed a deep elf master archer
 30830 | Elf:3    | Killed a deep elf blademaster
 30830 | Elf:3    | Killed from afar by a Hell Sentinel

Vault maps used:
D:1:      sevenhm_arrival_forest_fort_small_4
D:2:      tgw_kikubaaqudgha
D:4:      cheibriados_altar_1, minivault_5, uniq_menkaure
D:5:      first_ration, st_stairs_8, serial_bayou_pond_c,
          kennysheep_generic_room_6
D:6:      temple_fountains
D:10:     orc_0_dummy, kennysheep_opposing_triangles, uniq_snorg
D:11:     kennysheep_ambush_hall, lair_entry_dummy, basic_altar
D:12:     uniq_urug, uniq_azrael, uniq_erolcha, uniq_frances
D:13:     lab_entry_generic, grunt_pizzeria, uniq_sonja
D:14:     hangedman_vaults_entry_quadrant_bands, small_statue_alley_a,
          abandoned_shop
D:15:     gammafunk_depths_entry_grave, serial_shops, shop,
          corexii_hall_statues_deadend
Temple:   dpeg_three_leaves_temple
Lair:2:   portal_ice_cave_entry_imps, serial_bayou_pond_a, serial_bayou_shore_a,
          grunt_megastairs_2
Lair:3:   shoals_dummy_entry, minmay_lair_oklob_chamber, serial_bayou_shore_b
Lair:4:   spider_nest_entry_webs, grunt_megastairs_3, infiniplex_staircase_pool
Lair:5:   beast_lair_carwin_3, grunt_megastairs_5, infiniplex_staircase_pool_2
Lair:6:   due_jungle_book, slime_altar_1
Orc:2:    grunt_orc_tribal_feast, nicolae_volcano_entry_lava_flow,
          roderic_batcave, mines2_lemuel, uniq_saint_roka
Elf:1:    eino_elf_arrival_the_gate, minmay_elf_annihilation, st_stairs_4
Elf:2:    serial_shops, nicolae_shop_crystal, moated_statue,
          basic_stair_grate_trap, uniq_donald, uniq_aizul, uniq_louise
Elf:3:    minmay_elf_hall_quartered_circle, uniq_bai_suzhen
IceCv:    ice_cave_small_demon
Volcano:  volcano_lake

Skill      XL: |  1  2  3  4  5  6  7  8  9 10 11 12 13 14 15 16 17 |
---------------+----------------------------------------------------+-----
Long Blades    | 3 4 5 6 7 8 10 11 14 16 18 19 20 | 20.0
Fighting       | 4 8 9 10 11 12 13 | 13.1
Dodging        | 2 6 10 11 12 13 | 13.4
Armour         | 4 6 7 8 9 11 12 | 12.6
Shields        | 5 7 9 10 11 | 11.8
Invocations    | 5 7 |  7.3
Throwing       | 2 5 6 8 9 |  9.0
Necromancy     | 3 6 8 |  8.2
Spellcasting   | 3 |  3.2

Action                   |  1- 3 |  4- 6 |  7- 9 | 10-12 | 13-15 | 16-18 || total
-------------------------+-------+-------+-------+-------+-------+-------++-------
Melee: Long sword        |   119 |   122 |   246 |   104 |   725 |       ||  1316
       Falchion          |       |       |   258 |   621 |       |       ||   879
       Scimitar          |       |       |       |   157 |   379 |       ||   536
       Demon blade       |       |       |       |       |   570 |   857 ||  1427
Throw: Javelin           |       |       |       |       |     5 |    18 ||    23
Invok: Heroism           |       |       |       |    14 |    12 |     5 ||    31
       Finesse           |       |       |       |       |     1 |       ||     1
 Abil: Hop               |       |       |     1 |     5 |     2 |     2 ||    10
Evoke: Wand              |       |     5 |     2 |     9 |     3 |       ||    19
       Lamp of fire      |       |       |       |       |       |     1 ||     1
  Use: Scroll            |     5 |     6 |     3 |    13 |     6 |     6 ||    39
       Potion            |       |     1 |     3 |     7 |     1 |       ||    12
 Stab: Paralysed         |       |       |       |     4 |     2 |       ||     6
       Petrified         |       |       |       |       |     4 |       ||     4
       Petrifying        |       |       |       |       |     1 |       ||     1
       Confused          |       |       |       |       |     1 |       ||     1
  Eat: Chunk             |     1 |     8 |    34 |    24 |    21 |     7 ||    95
       Ration            |       |       |       |     4 |     4 |     5 ||    13
Armor: Scale mail        |    46 |    33 |       |       |    95 |       ||   174
       Ring mail         |       |    16 |   147 |   217 |       |       ||   380
       Plate armour      |       |       |       |       |   374 |   238 ||   612
Dodge: Dodged            |    40 |    36 |   132 |   401 |   747 |   373 ||  1729
Block: Shield            |    58 |    62 |   189 |   521 |   607 |       ||  1437
       Reflection        |       |       |       |    29 |    37 |    13 ||    79
       Buckler           |       |       |       |       |   275 |   317 ||   592
       Rpst.: Long sword |    14 |    10 |    15 |     9 |    78 |       ||   126
       Falchion          |       |       |    27 |    53 |       |       ||    80
       Scimitar          |       |       |       |    20 |    39 |       ||    59
       Demon blade       |       |       |       |       |    76 |    77 ||   153

Table legend:
 A = Spawn XP
 B = Non-spawn XP
 C = Spawn XP percentage of total XP
 D = Spawn monster count
 E = Non-spawn monster count
 F = Spawn count percentage of total count
 G = Total turns spent on level
                    A         B        C        D         E        F      G
               +---------+---------+-------+---------+---------+-------+---------
         Total |       0 |  240609 |   0.0 |       0 |     921 |   0.0 | 30830
               +---------+---------+-------+---------+---------+-------+---------
           D:1 |       0 |      25 |   0.0 |       0 |      17 |   0.0 |   546
           D:2 |       0 |     126 |   0.0 |       0 |      20 |   0.0 |  1165
           D:3 |       0 |      46 |   0.0 |       0 |      20 |   0.0 |   881
           D:4 |       0 |     249 |   0.0 |       0 |       7 |   0.0 |   743
           D:5 |       0 |     981 |   0.0 |       0 |      28 |   0.0 |  1915
           D:6 |       0 |    1116 |   0.0 |       0 |      25 |   0.0 |  1074
           D:7 |       0 |    1946 |   0.0 |       0 |      41 |   0.0 |  1736
           D:8 |       0 |    1581 |   0.0 |       0 |      15 |   0.0 |   934
           D:9 |       0 |    1583 |   0.0 |       0 |      28 |   0.0 |  1131
          D:10 |       0 |    4338 |   0.0 |       0 |      49 |   0.0 |  3095
          D:11 |       0 |    7188 |   0.0 |       0 |      41 |   0.0 |  2020
          D:12 |       0 |    8148 |   0.0 |       0 |      21 |   0.0 |  1322
          D:13 |       0 |    5978 |   0.0 |       0 |      27 |   0.0 |   988
          D:14 |       0 |   24011 |   0.0 |       0 |      65 |   0.0 |  1772
          D:15 |       0 |   17190 |   0.0 |       0 |      43 |   0.0 |  1002
        Lair:1 |       0 |    5220 |   0.0 |       0 |      26 |   0.0 |   753
        Lair:2 |       0 |    4792 |   0.0 |       0 |      32 |   0.0 |   859
        Lair:3 |       0 |    8902 |   0.0 |       0 |      32 |   0.0 |   822
        Lair:4 |       0 |   10759 |   0.0 |       0 |      53 |   0.0 |   836
        Lair:5 |       0 |   13245 |   0.0 |       0 |      47 |   0.0 |   993
        Lair:6 |       0 |   26287 |   0.0 |       0 |      51 |   0.0 |  1324
         Orc:1 |       0 |    2633 |   0.0 |       0 |      30 |   0.0 |   431
         Orc:2 |       0 |   15569 |   0.0 |       0 |      78 |   0.0 |  1086
         Elf:1 |       0 |   26375 |   0.0 |       0 |      41 |   0.0 |  1245
         Elf:2 |       0 |   28101 |   0.0 |       0 |      33 |   0.0 |   794
         Elf:3 |       0 |   15967 |   0.0 |       0 |      11 |   0.0 |   233
           Lab |       0 |    1223 |   0.0 |       0 |       1 |   0.0 |   461
         IceCv |       0 |    3118 |   0.0 |       0 |      24 |   0.0 |   350
       Volcano |       0 |    3912 |   0.0 |       0 |      15 |   0.0 |   302
               +---------+---------+-------+---------+---------+-------+---------
